 Dungeon Crawl Stone Soup version 0.23-b1-86-gba62f8e092 (webtiles) character file.

Game seed: 499559201660179097

346 LostNumber the Ruffian (level 6, 0/48 HPs)
             Began as a Demonspawn Gladiator on Feb 7, 2019.
             Succumbed to Edmund's poison
             ... on level 3 of the Dungeon.
             The game lasted 00:05:43 (3929 turns).

LostNumber the Ruffian (Demonspawn Gladiator)       Turns: 3929, Time: 00:05:44

Health: 0/48       AC:  5    Str: 16    XL:     6   Next: 32%
Magic:  6/6        EV: 11    Int: 10    God:
Gold:   156        SH:  0    Dex: 14    Spells: 5/5 levels left

rFire    . . .     SeeInvis .   i - +0 hand axe (freeze)
rCold    + . .     Gourm    .   (no shield)
rNeg     . . .     Faith    .   r - +0 ring mail
rPois    .         Spirit   .   (helmet restricted)
rElec    .         Reflect  .   (no cloak)
rCorr    .         Harm     .   (no gloves)
MR       .....                  (no boots)
Stlth    ..........             (no amulet)
HPRegen  0.16/turn              (no ring)
MPRegen  0.10/turn              (no ring)

@: lethally poisoned (0 -> -8)
A: antennae 1, claws 1, hooves 1, cold resistance 1, freezing cloud immunity
a: no special abilities


You were on level 3 of the Dungeon.
You were hungry.

You visited 1 branch of the dungeon, and saw 4 of its levels.

You collected 156 gold pieces.

Inventory:

Hand Weapons
 a - a +0 war axe
 i - a +0 hand axe of freezing (weapon)
   (You found it on level 1 of the Dungeon)
Missiles
 d - 3 throwing nets (quivered) {!f}
Armour
 b - a +0 leather armour
 c - a +0 helmet
 h - a +0 helmet
   (You found it on level 1 of the Dungeon)
 r - a +0 ring mail (worn)
   (You found it on level 3 of the Dungeon)
Jewellery
 n - a +2 amulet of reflection {unknown}
   (You found it on level 2 of the Dungeon)
Scrolls
 g - 4 scrolls of enchant weapon {unknown}
 j - 2 scrolls of amnesia {unknown}
 k - a scroll of fog {unknown}
 l - 2 scrolls of random uselessness {unknown}
 p - a scroll of identify {unknown}
 s - a scroll of magic mapping {unknown}
 u - a scroll of immolation {unknown}
Potions
 f - a potion of resistance {unknown}
 m - 2 potions of curing {unknown}
 o - a potion of might {unknown}
 t - a potion of flight {unknown}
 v - 2 potions of degeneration {unknown}
Comestibles
 e - 7 rations {!d}


   Skills:
 + Level 4.1 Fighting
 - Level 3.1 Axes
 - Level 1.7 Throwing
 - Level 2.6 Dodging
 * Level 4.4 Unarmed Combat


You had 5 spell levels left.
You didn't know any spells.
Your spell library contained the following spells:

 Spells                   Type           Power        Failure   Level  Hunger
 Animate Skeleton         Necr           N/A          58%         1    ##.....
 Apportation              Tloc           #.....       58%         1    ##.....
 Confusing Touch          Hex            #.....       58%         1    ##.....
 Summon Small Mammal      Summ           #...         58%         1    ##.....


Dungeon Overview and Level Annotations

Branches:
Dungeon (4/15)
 Temple: D:4-7

Altars:
Elyvilon
Gozag
Makhleb

Annotations:
D:3 Edmund
D:4 Menkaure


Innate Abilities, Weirdness & Mutations

You have a pair of small antennae on your head.
You have sharp fingernails.
You have large cloven feet.
Your flesh is cold resistant. (rC+)
You are immune to freezing clouds.


Message History

The worker ant bites you but does no damage.
The worker ant barely misses you.
Edmund hits you with a +3 flail of venom.
You climb upwards.
There is a stone staircase leading down here.
Unknown command.
You hit Edmund. You freeze Edmund. You kick Edmund, but do no damage.
You hit the worker ant but do no damage.
The worker ant closely misses you. Edmund hits you but does no damage.
You are poisoned.
You hit Edmund but do no damage. You kick Edmund.
You barely miss the worker ant.
You feel sick. The worker ant barely misses you.
The worker ant closely misses you. Edmund barely misses you.
You barely miss Edmund. You hit the worker ant. You freeze the worker ant.
You feel sick. The worker ant bites you.
Edmund says, "People accused me of being a cutpurse!"
Edmund hits you with a +3 flail of venom!
You are more poisoned.
You completely miss the worker ant. You hit Edmund but do no damage.
You feel sick. The worker ant closely misses you. The worker ant bites you.
You closely miss the worker ant. Your kick misses the worker ant.
You hit Edmund but do no damage.
You feel sick. Edmund barely misses you.
The worker ant bites you but does no damage.
You hit the worker ant. You freeze the worker ant.
Your ring mail prevents you from hitting Edmund.
You feel sick.
Edmund hits you with a +3 flail of venom.
The worker ant bites you.
* * * LOW HITPOINT WARNING * * *
You hit the worker ant. You freeze the worker ant.
Your kick misses the worker ant.
Your ring mail prevents you from hitting Edmund.
You feel sick. The worker ant bites you.
* * * LOW HITPOINT WARNING * * *
Edmund closely misses you. The worker ant barely misses you.
You barely miss the worker ant.
You kick the worker ant, but do no damage.
You hit Edmund. You freeze Edmund.
You feel sick.
Edmund hits you with a +3 flail of venom!
* * * LOW HITPOINT WARNING * * *
The worker ant misses you.
You closely miss the worker ant. You hit Edmund but do no damage.
You feel sick. The worker ant completely misses you.
Edmund hits you with a +3 flail of venom!
* * * LOW HITPOINT WARNING * * *
You hit the worker ant. You freeze the worker ant.
You kill the worker ant!
You hit Edmund but do no damage.
You die...

#.#####.# #.# #.# #.# ###.# #.#
###.########...# ##### #.#
#..............# # ##>).## #.#
#.#.########...### ###.....#
#.###.#.# ##...## ........#
#.......# #...##. ###.....#
#####@### ##..#.. ##...#### #@#
##.#.. ##.....# #.# #.### #####.#
#.# #.# # #.# #.# ##'### #.# #.#
##...## ### #.# #.#### ##.....# #
##.###.# ####.##.### ##.......
####...##.###.........###........
'...............(...)...'........


You could see Edmund.

Vanquished Creatures
  A bullfrog (D:3)
  A hound (D:3)
  Jessica (D:2)
  An orc wizard (D:3)
  A worker ant (D:3)
  A hound skeleton (D:2)
  A worker ant zombie (D:3)
  2 gnolls (D:3)
  2 adders
  An ooze (D:2)
  5 worms
  5 dart slugs
  A leopard gecko (D:2)
  5 orcs
  3 bats
  2 giant cockroaches (D:2)
  11 goblins
  9 hobgoblins
  4 jackals
  4 quokkas
  6 frilled lizards
  4 kobolds
  27 rats
98 creatures vanquished.

Notes
Turn   | Place    | Note
-------+----------+-------------------------------------------
     0 | D:1      | LostNumber the Demonspawn Gladiator began the quest for the
                  | Orb.
     0 | D:1      | Reached XP level 1. HP: 16/16 MP: 1/1
   147 | D:1      | Gained mutation: You have large cloven feet. [demonic
                  | ancestry]
   147 | D:1      | Reached XP level 2. HP: 22/22 MP: 2/2
   722 | D:2      | Noticed Jessica
   729 | D:1      | Reached skill level 1 in Unarmed Combat
   947 | D:2      | Killed Jessica
   947 | D:2      | Gained mutation: Your flesh is cold resistant. (rC+)
                  | [demonic ancestry]
   947 | D:2      | Reached XP level 3. HP: 27/28 MP: 3/3
   962 | D:2      | Found a white marble altar of Elyvilon.
  1251 | D:2      | Found a burning altar of Makhleb.
  1251 | D:2      | Noticed a cacodemon
  1329 | D:2      | Found an opulent altar of Gozag.
  1440 | D:2      | Gained mutation: You have sharp fingernails. [demonic
                  | ancestry]
  1440 | D:2      | Reached XP level 4. HP: 34/34 MP: 4/4
  2075 | D:3      | Noticed a bullfrog
  2083 | D:3      | Killed a bullfrog
  2083 | D:3      | Gained mutation: You have a pair of small antennae on your
                  | head. [demonic ancestry]
  2083 | D:3      | Reached XP level 5. HP: 24/41 MP: 5/5
  3317 | D:3      | Gained mutation: You are immune to freezing clouds.
                  | [demonic ancestry]
  3317 | D:3      | Reached XP level 6. HP: 29/48 MP: 6/6
  3914 | D:4      | Noticed Edmund
  3918 | D:4      | Noticed Menkaure
  3928 | D:3      | HP: 1/48 [Edmund/+3 flail of venom (11)]
  3929 | D:3      | Succumbed to Edmund's poison

Skill      XL: |  1  2  3  4  5  6 |
---------------+-------------------+-----
Axes           | 3 |  3.1
Unarmed Combat | 1 2 3 4 |  4.4
Fighting       | 3 4 |  4.1
Throwing       | |  1.7
Dodging        | |  2.6

Action                   |  1- 3 |  4- 6 || total
-------------------------+-------+-------++-------
Melee: War axe           |    48 |       ||    48
       Hand axe          |    43 |   209 ||   252
       Kick              |    16 |    53 ||    69
       Punch             |     1 |     1 ||     2
  Eat: Chunk             |     2 |     7 ||     9
Armor: Leather armour    |    23 |    24 ||    47
       Ring mail         |       |    38 ||    38
Dodge: Dodged            |    76 |   124 ||   200
